[Event "*** Titled Tuesday Blitz"]
[Site "Chess.com"]
[Date "2020.04.07"]
[Round "1"]
[White "djogrodek1"]
[Black "MikeSailer"]
[Result "1-0"]
[WhiteElo "2521"]
[BlackElo "2045"]
[TimeControl "180+1"]
[EndTime "13:04:41 PDT"]
[Termination "djogrodek1 won by resignation"]

1. Nf3 d5 2. e3 Nf6 3. c4 c6 4. Nc3 Bf5 5. Qb3 Qb6 6. cxd5 Qxb3 7. axb3 cxd5 8. Nb5 Kd8 9. Ne5 Bg6 10. Nxa7 Na6 11. Nb5 e6 12. Be2 Nd7 13. Nxg6 hxg6 14. O-O Bb4 15.
d4 Ke7 16. Nc3 Rac8 17. Bd2 Nf6 18. Bxa6 bxa6 19. Rxa6 Bxc3 20. Bxc3 Ne4 21. Bb4+ Kf6 22. f3 Rb8 23. fxe4+ 1-0

[Event "*** Titled Tuesday Blitz"]
[Site "Chess.com"]
[Date "2020.04.07"]
[Round "1"]
[White "vlad_Sid"]
[Black "AyMitecK"]
[Result "1-0"]
[WhiteElo "2623"]
[BlackElo "2287"]
[TimeControl "180+1"]
[EndTime "13:04:42 PDT"]
[Termination "vlad_Sid won by resignation"]

1. c4 Nf6 2. g3 c5 3. Bg2 d5 4. cxd5 Nxd5 5. Nc3 Nc7 6. Qa4+ Bd7 7. Qb3 Bc6 8. Bxc6+ Nxc6 9. Qxb7 Qd7 10. Nb5 Rc8 11.
Nf3 e5 12. Nxa7 Nxa7 13. Qxa7 e4 14. Ne5 Qd5 15. Qa4+ Ke7 16. Nc6+ Kf6 17. Na5 Bd6 18. b3 Be5 19. Rb1 Rhd8 20. Nc4 Bd4 21. Nb6 Bxf2+ 22. Kxf2 e3+ 23. dxe3 Qxh1 24. Bb2+ 1-0

[Event "*** Titled Tuesday Blitz"]
[Site "Chess.com"]
[Date "2020.04.07"]
[Round "1"]
[White "wnstop"]
[Black "Playgood28"]
[Result "1-0"]
[WhiteElo "2593"]
[BlackElo "2249"]
[TimeControl "180+1"]
[EndTime "13:04:43 PDT"]
[Termination "wnstop won by resignation"]

1. e4 e5 2. Nf3 d6 3. d4 exd4 4. Nxd4 Nf6 5. Nc3 Be7 6. g3 d5 7. e5 Ng4 8. Bg2 Nxe5 9. Qe2 Ng6 10. Nxd5 O-O 11. O-O Bd6 12. Nb5 a6 13. Nxd6 Qxd6 14. Rd1 Bd7 15. h4 Kh8 16. h5 Ne5 17. h6 Bg4 18. f3 c6 19. hxg7+ Kxg7 20. fxg4 cxd5 21. Rxd5 Qb6+ 22. Be3 Qe6 23. Rxe5 1-0

[Event "*** Titled Tuesday Blitz"]
[Site "Chess.com"]
[Date "2020.04.07"]
[Round "1"]
[White "Ceejay271"]
[Black "GMMelik"]
[Result "0-1"]
[WhiteElo "2255"]
[BlackElo "2601"]
[TimeControl "180+1"]
[EndTime "13:04:45 PDT"]
[Termination "GMMelik won by resignation"]

1. d4 d5 2. c4 c6 3. cxd5 cxd5 4. Nc3 Nf6 5. Bf4 Nc6 6. e3 a6 7. Bd3 g6 8. h3 Bf5 9. Bxf5 gxf5 10. Nf3 e6 11. O-O Bd6 12. Bxd6 Qxd6 13. Rc1 Rg8 14. Qa4 Ke7 15. Nb1 Ne4 16. Qa3 Qxa3 17. Nxa3 Rac8 18. Nb1 Nb4 19. a3 Nd3 20. Rxc8 Rxc8 21. b4 Rc2 0-1

[Event "*** Titled Tuesday Blitz"]
[Site "Chess.com"]
[Date "2020.04.07"]
[Round "1"]
[White "x-3738459472"]
[Black "letantha"]
[Result "1-0"]
[WhiteElo "2532"]
[BlackElo "2130"]
[TimeControl "180+1"]
[EndTime "13:04:47 PDT"]
[Termination "x-3738459472 won by resignation"]

1. e4 c5 2. Nc3 g6 3. Nf3 Bg7 4. Bc4 Nc6 5. O-O d6 6. d3 Nf6 7. h3 O-O 8. Bf4 e5 9. Bg5 h6 10. Bxf6 Bxf6 11. Nd5 Bg7 12. c3 Ne7 13. d4 cxd4 14.
cxd4 Nxd5 15. Bxd5 exd4 16. Nxd4 Qb6 17. Nb3 Bxb2 18.
Rb1 Bg7 19. Nd2 Qa5 20. Nc4 Qd8 21. Nxd6 Be6 22. Bxe6 fxe6 23. Rxb7 Rb8 24. Rxa7 Rb2 25. e5 Bxe5 26. Qg4 Qg5 27. Qxe6+ Kh8 28. Nf7+ Rxf7 29.
Qxf7 1-0

[Event "*** Titled Tuesday Blitz"]
[Site "Chess.com"]
[Date "2020.04.07"]
[Round "1"]
[White "Gennady_Kozlov"]
[Black "AnnaChessLook"]
[Result "1-0"]
[WhiteElo "2578"]
[BlackElo "2220"]
[TimeControl "180+1"]
[EndTime "13:04:51 PDT"]
[Termination "Gennady_Kozlov won by resignation"]

1. b3 e5 2. Bb2 Nc6 3. e3 g6 4. f4 Bg7 5. Nf3 d6 6. Bb5 Ne7 7.
O-O O-O 8. fxe5 Nxe5 9. Nxe5 dxe5 10. e4 Be6 11. Na3 c6 12. Bc4 Qd7 13. Bxe6 Qxe6 14.
Qf3 f5 15. Nc4 Rad8 16. d3 f4 17. a4 g5 18. h3 Ng6 19. Qh5 h6 20. Rf2 Rfe8 21.
Raf1 Kh7 22. Nd2 Bf8 23. Nf3 Qf6 24. Nh2 Bc5 25. Ng4 Qg7 26. Kh2 Bxf2 27. Rxf2 Rd7 28. Ba3 Nh4 29. Qxe8 f3 30. g3 Ng6 31. Rxf3 h5 32.
Nf6+ 1-0

[Event "*** Titled Tuesday Blitz"]
[Site "Chess.com"]
[Date "2020.04.07"]
[Round "1"]
[White "Everyfishknows"]
[Black "VeraLevel"]
[Result "0-1"]
[WhiteElo "2351"]
[BlackElo "2691"]
[TimeControl "180+1"]
[EndTime "13:04:52 PDT"]
[Termination "VeraLevel won by resignation"]

1. Nf3 g6 2. e4 Bg7 3. d4 c6 4. Bd3 d6 5. c3 e5 6. O-O Nd7 7. Nbd2 Ngf6 8. Re1 O-O 9. Nf1 a5 10. a4 Re8 11. Ng3 Qe7 12. b3 b6 13. Ba3 Bf8 14.
Rc1 Bb7 15. Qd2 Rad8 16. c4 exd4 17. Nxd4 Nc5 18. Bb1 h5 19. Qg5 Qe5 20. Qd2 h4 21. Nf1 Nfxe4 22. Qc2 Qxd4 23. Bb2 Qxf2+ 24. Qxf2 Nxf2 25. Kxf2 Nxb3 26. Rcd1 Rxe1 27. Rxe1 d5 28. c5 Bxc5+ 29. Kf3 Nd4+ 30. Kg4 Bc8+ 31. Kxh4 Nf3+ 32. gxf3 Bf2+ 33. Ng3 Bxe1 34. Bd3 Re8 35. Kg5 Re3 36. Bc2 Bxg3 37. hxg3 Re2 38. Bxg6 0-1

[Event "*** Titled Tuesday Blitz"]
[Site "Chess.com"]
[Date "2020.04.07"]
[Round "1"]
[White "checkmatequen"]
[Black "DraskovicL"]
[Result "1-0"]
[WhiteElo "2235"]
[BlackElo "2556"]
[TimeControl "180+1"]
[EndTime "13:04:55 PDT"]
[Termination "checkmatequen won by resignation"]

1. e4 d5 2. exd5 Qxd5 3. Nc3 Qd6 4. d4 Nf6 5. Bd3 c6 6. Nge2 g6 7. Bf4 Qd8 8. Qd2 Bg7 9. O-O-O Na6 10. a3 Nc7 11.
Bh6 O-O 12. f3 Ncd5 13. h4 Nxc3 14. Nxc3 Qxd4 15. h5 Qc5 16. g4 Be6 17. hxg6 fxg6 18. Bxg7 Kxg7 19. Qh6+ Kf7 20. Ne4 Nxe4 21. Qxh7+ Ke8 22.
Qxg6+ Bf7 23. Qxe4 Rd8 24. Rh7 Qd5 25. Re1 Qxe4 26.
Rxe4 Rd7 27. Rf4 e5 28. Rfxf7 Rdxf7 29. Bg6 Ke7 30. Rxf7+ Rxf7 31. Bxf7 Kxf7 32. Kd2 Kf6 33. Ke3 c5 34. Ke4 b5 35. g5+ Kxg5 36. Kxe5 1-0

[Event "*** Titled Tuesday Blitz"]
[Site "Chess.com"]
[Date "2020.04.07"]
[Round "1"]
[White "wonderfultime"]
[Black "maxip32"]
[Result "1-0"]
[WhiteElo "2971"]
[BlackElo "2485"]
[TimeControl "180+1"]
[EndTime "13:04:56 PDT"]
[Termination "wonderfultime won by resignation"]

1. d4 Nf6 2. Nf3 g6 3. Bg5 Bg7 4. Nbd2 O-O 5. c3 d6 6. e4 c5 7. dxc5 dxc5 8. Bc4 Qc7 9. O-O Nc6 10. Qe2 h6 11. Bxf6 Bxf6 12. Qe3 Ne5 13. Nxe5 Bxe5 14. Qxh6 e6 15. Nf3 Bg7 16. Qh4 Re8 17. Rad1 Bd7 18.
Ng5 Bc6 19. Rd3 b5 20. Qh7+ Kf8 21. Bxe6 Bxe4 22. Rd7 1-0

[Event "*** Titled Tuesday Blitz"]
[Site "Chess.com"]
[Date "2020.04.07"]
[Round "1"]
[White "1g41-0"]
[Black "Parhamov"]
[Result "0-1"]
[WhiteElo "2497"]
[BlackElo "3100"]
[TimeControl "180+1"]
[EndTime "13:04:57 PDT"]
[Termination "Parhamov won by resignation"]

1. d4 Nf6 2. c4 e6 3. Nc3 Bb4 4. f3 d5 5. a3 Be7 6. cxd5 exd5 7. e4 O-O 8. e5 Ne8 9. f4 c5 10. Nf3 Nc6 11. Be2 Bg4 12. dxc5 Nc7 13. O-O Bxc5+ 14.
Kh1 a6 15. b4 Ba7 16. Bb2 d4 17. Ne4 Nd5 18. Qd3 Nxf4 19. Qd2 Nxe2 20. Qxe2 Nxe5 21.
h3 Bxf3 22. gxf3 Rc8 23. f4 Nc4 24. Rg1 Re8 25. Qg2 g6 26. Raf1 Nxb2 27. f5 Rc6 28.
Qf3 Nc4 29. fxg6 fxg6 30. Qf7+ Kh8 31. Ng5 Re7 32. Re1 Ne3 33. Rg4 Qe8 34. Qf4 Nxg4 0-1

[Event "*** Titled Tuesday Blitz"]
[Site "Chess.com"]
[Date "2020.04.07"]
[Round "1"]
[White "pooh2012"]
[Black "Zaven_ChessMood"]
[Result "0-1"]
[WhiteElo "2457"]
[BlackElo "2871"]
[TimeControl "180+1"]
[EndTime "13:04:58 PDT"]
[Termination "Zaven_ChessMood won by resignation"]

1. Nf3 d5 2. g3 Nc6 3. c4 d4 4. Bg2 e5 5. d3 Bb4+ 6. Nbd2 a5 7. a3 Be7 8. b3 Nf6 9. Bb2 O-O 10. O-O Bf5 11. Ng5 Qd7 12. Nge4 Nxe4 13. Nxe4 Bh3 14. f4 Bxg2 15. Kxg2 f5 16. Nd2 exf4 17. gxf4 Bf6 18. Rf3 Rae8 19. Rb1 Re6 20. b4 axb4 21. axb4 Rfe8 22.
Kf1 Nxb4 23. Ba3 Na2 24. Qb3 Nc3 25. Re1 Bh4 26. Rg3 Bxg3 27. hxg3 Qc6 28. Nf3 Rxe2 29. c5+ Kh8 30. Rxe2 Qxf3+ 0-1

[Event "*** Titled Tuesday Blitz"]
[Site "Chess.com"]
[Date "2020.04.07"]
[Round "1"]
[White "Alex_Terzi"]
[Black "GMHess"]
[Result "0-1"]
[WhiteElo "2405"]
[BlackElo "2765"]
[TimeControl "180+1"]
[EndTime "13:05:06 PDT"]
[Termination "GMHess won by resignation"]

1. e4 g6 2. d4 Bg7 3. Nc3 a6 4. a4 d6 5. Be3 Nd7 6. Nf3 b6 7. Bc4 e6 8. Qd2 h6 9. h3 Bb7 10. O-O Ngf6 11. e5 Ne4 12. Nxe4 Bxe4 13. exd6 Bxf3 14.
gxf3 cxd6 15. f4 O-O 16. Kh2 Nf6 17. Rg1 Ne4 18. Qe2 a5 19. f3 Nf6 20. f5 d5 21.
Bd3 exf5 22. Bxf5 gxf5 23. Bxh6 Ng4+ 24. fxg4 Qd6+ 0-1

[Event "*** Titled Tuesday Blitz"]
[Site "Chess.com"]
[Date "2020.04.07"]
[Round "1"]
[White "biostatistician"]
[Black "warmoatmeal"]
[Result "1-0"]
[WhiteElo "2506"]
[BlackElo "1886"]
[TimeControl "180+1"]
[EndTime "13:05:10 PDT"]
[Termination "biostatistician won by resignation"]

1. d4 Nf6 2. Nf3 e6 3. c4 d5 4. Bg5 Be7 5. Nc3 O-O 6. e3 h6 7. Bh4 c6 8. Bd3 Nbd7 9. O-O b6 10.
Qe2 Bb7 11. Rac1 c5 12. Rfd1 cxd4 13. exd4 Rc8 14. Bg3 a6 15. cxd5 Nxd5 16. Bxa6 Bxa6 17. Qxa6 Ra8 18. Qe2 N7f6 19. Nxd5 Nxd5 20. a3 Bd6 21. Be5 Bxe5 22. dxe5 Qe7 23. Rc4 Rfd8 24. Rdc1 b5 25.
Rg4 b4 26. axb4 Nxb4 27. h3 Kh8 28. Kh2 Ra2 29. Rh4 Nd3 30. Rc2 Rb8 31. Qxd3 Raxb2 32. Rxb2 Rxb2 33. Rd4 Rxf2 34. Rd8+ 1-0

[Event "*** Titled Tuesday Blitz"]
[Site "Chess.com"]
[Date "2020.04.07"]
[Round "1"]
[White "lilleper1"]
[Black "coalescenet"]
[Result "1-0"]
[WhiteElo "2666"]
[BlackElo "2332"]
[TimeControl "180+1"]
[EndTime "13:05:11 PDT"]
[Termination "lilleper1 won by resignation"]

1. e4 c6 2. d4 d5 3. e5 Bf5 4. Nd2 c5 5. dxc5 Nc6 6. Ngf3 e6 7. Nb3 Bxc5 8. Nxc5 Qa5+ 9. c3 Qxc5 10. Be3 Qa5 11. Nd4 Bg6 12. Nb5 Nxe5 13. Nd6+ Kf8 14. Nxb7 Qc7 15. Nc5 Ne7 16. Bd4 N5c6 17. Be2 Nf5 18. O-O Nfxd4 19. cxd4 h6 20. Rc1 Kg8 21. Qa4 Rc8 22.
Ba6 Rf8 23. Bb5 Rc8 24. Na6 1-0

[Event "*** Titled Tuesday Blitz"]
[Site "Chess.com"]
[Date "2020.04.07"]
[Round "1"]
[White "Jadeit90"]
[Black "Rud_Makarian"]
[Result "0-1"]
[WhiteElo "2237"]
[BlackElo "2584"]
[TimeControl "180+1"]
[EndTime "13:05:12 PDT"]
[Termination "Rud_Makarian won by resignation"]

1. g3 Nf6 2. Bg2 g6 3. e4 d6 4.
Nc3 Bg7 5. d4 O-O 6. Nge2 a6 7.
O-O Nc6 8. a4 e5 9. d5 Ne7 10. b4 a5 11. bxa5 Nd7 12. Bd2 Nc5 13.
Nb5 f5 14. exf5 Bxf5 15. Bb4 Na6 16. Ba3 Qd7 17. c4 Bh3 18. Rc1 Bxg2 19. Kxg2 Qg4 20.
Qc2 Nf5 21. h3 Nh4+ 22. Kh2 Nf3+ 23. Kg2 Qh5 24. c5 Ng5 25. Ng1 c6 26. dxc6 bxc6 27. Nxd6 Kh8 28. Ne4 Nf3 29. Nxf3 Qxf3+ 30. Kg1 Qxa3 0-1

[Event "*** Titled Tuesday Blitz"]
[Site "Chess.com"]
[Date "2020.04.07"]
[Round "1"]
[White "fmshawnrl123"]
[Black "Pudor"]
[Result "1-0"]
[WhiteElo "2721"]
[BlackElo "2371"]
[TimeControl "180+1"]
[EndTime "13:05:14 PDT"]
[Termination "fmshawnrl123 won by checkmate"]

1. c4 e6 2. g3 d5 3. Bg2 c5 4. cxd5 exd5 5. Nf3 Nc6 6. O-O Nf6 7. d4 c4 8. Nc3 Bb4 9. Bg5 Bxc3 10. bxc3 h6 11.
Bxf6 Qxf6 12. Nd2 O-O 13. e4 dxe4 14. Nxe4 Qe7 15. Re1 Qa3 16. Qc2 Bg4 17. Rab1 Na5 18. Rb5 b6 19. h3 Bd7 20. Rh5 Rfe8 21. Rxh6 gxh6 22. Nf6+ Kg7 23. Qh7+ Kxf6 24. Qxh6+ Kf5 25. g4# 1-0

[Event "*** Titled Tuesday Blitz"]
[Site "Chess.com"]
[Date "2020.04.07"]
[Round "1"]
[White "Grandmasta23"]
[Black "Lagmantr"]
[Result "0-1"]
[WhiteElo "2386"]
[BlackElo "2740"]
[TimeControl "180+1"]
[EndTime "13:05:16 PDT"]
[Termination "Lagmantr won by checkmate"]

1. e4 c6 2. d4 d5 3. f3 dxe4 4.
fxe4 e5 5. Nf3 exd4 6. Bc4 Be7 7. O-O Nf6 8. Ng5 O-O 9. Nxf7 Rxf7 10. Bxf7+ Kxf7 11. e5 Be6 12. Qh5+ Kg8 13. exf6 Bxf6 14. Nd2 Nd7 15. Ne4 Bd5 16. Ng5 h6 17. Nh3 Qe8 18. Qg4 Ne5 19. Qg3 Qg6 20. Qxg6 Nxg6 21. Bxh6 d3 22. Bd2 Bxb2 23. Rab1 Bd4+ 24. Kh1 dxc2 25. Rxb7 Nh4 26. Nf4 Rf8 27. Rc1 Rxf4 28. Bxf4 Bxg2# 0-1

[Event "*** Titled Tuesday Blitz"]
[Site "Chess.com"]
[Date "2020.04.07"]
[Round "1"]
[White "OparinGrigoriy"]
[Black "dmosesov"]
[Result "1-0"]
[WhiteElo "2980"]
[BlackElo "2486"]
[TimeControl "180+1"]
[EndTime "13:05:20 PDT"]
[Termination "OparinGrigoriy won by resignation"]

1. Nf3 Nf6 2. g3 d5 3. Bg2 c6 4. O-O Bg4 5. c4 Nbd7 6. cxd5 cxd5 7. Nc3 e6 8. d3 Bc5 9. Qb3 Qb6 10. Qxb6 Bxb6 11. h3 Bh5 12. g4 Bg6 13. Nh4 O-O 14. Na4 h5 15. g5 Ne8 16. Nxb6 Nxb6 17. Bf4 Bh7 18. Rfc1 Nd7 19. Bg3 Kh8 20. Rc3 f6 21. g6 Bg8 22. Rac1 e5 23. f4 Nd6 24. Rc7 Rad8 25.
Rf1 Rfe8 26. fxe5 Nxe5 27. Nf5 Nxf5 28. Rxf5 Be6 29. Rxh5+ Kg8 30. Bxe5 fxe5 31. Rxe5 1-0

[Event "*** Titled Tuesday Blitz"]
[Site "Chess.com"]
[Date "2020.04.07"]
[Round "1"]
[White "bazar-wokzal"]
[Black "DonPreuss"]
[Result "1-0"]
[WhiteElo "2540"]
[BlackElo "2153"]
[TimeControl "180+1"]
[EndTime "13:05:22 PDT"]
[Termination "bazar-wokzal won by resignation"]

1. e4 Nc6 2. d4 e5 3. dxe5 Nxe5 4.
Nc3 Bc5 5. Bf4 Ng6 6. Bg3 d6 7. h4 Bd7 8. Nf3 Bg4 9. h5 Ne5 10. Bxe5 dxe5 11. Qxd8+ Rxd8 12. Nxe5 Be6 13. Nb5 Bb6 14.
Bc4 Nf6 15. Bxe6 fxe6 16. f3 Ke7 17. Nc4 h6 18. Nxb6 axb6 19. Rd1 c6 20. Nc3 Rxd1+ 21. Kxd1 Rd8+ 22. Ke2 Ra8 23. a3 Ra5 24. g4 e5 25.
Nd1 Ne8 26. Ne3 Nc7 27. Nf5+ Kf6 28. Rd1 Ne6 29. Rd6 Kf7 30. Rd7+ Kf6 31. Rxb7 Rb5 32. b4 c5 33. c3 cxb4 34. axb4 1-0

[Event "*** Titled Tuesday Blitz"]
[Site "Chess.com"]
[Date "2020.04.07"]
[Round "1"]
[White "jonaszmb"]
[Black "VladimirBelous"]
[Result "0-1"]
[WhiteElo "2404"]
[BlackElo "2757"]
[TimeControl "180+1"]
[EndTime "13:05:23 PDT"]
[Termination "VladimirBelous won by resignation"]

1. d4 Nf6 2. c4 g6 3. Nf3 Bg7 4.
g3 c5 5. Bg2 Qa5+ 6. Nbd2 cxd4 7.
Nxd4 Nc6 8. Nb3 Qh5 9. O-O d6 10. Nf3 Bh3 11. Bxh3 Qxh3 12. Ng5 Qh5 13. h4 h6 14. Nf3 g5 15. c5 dxc5 16. Be3 Rd8 17. Qc2 b6 18. Rfd1 g4 19. Rxd8+ Nxd8 20. Nfd2 O-O 21. a4 Nd5 22. Nc4 Nb4 23. Qe4 Qd5 24. Qxg4 f5 25. Qf4 Ne6 26. Ne5 Nxf4 0-1

[Event "*** Titled Tuesday Blitz"]
[Site "Chess.com"]
[Date "2020.04.07"]
[Round "1"]
[White "HonzaVykouk"]
[Black "mjray79"]
[Result "1-0"]
[WhiteElo "2602"]
[BlackElo "2259"]
[TimeControl "180+1"]
[EndTime "13:05:24 PDT"]
[Termination "HonzaVykouk won by resignation"]

1. e4 e5 2. Nf3 Nc6 3. Bc4 Bc5 4. c3 Nf6 5. d4 exd4 6. O-O dxc3 7. e5 Ng4 8. Bxf7+ Kxf7 9. Qd5+ Kg6 10. Qxc5 Re8 11. Nxc3 Ngxe5 12. Nxe5+ Nxe5 13. Bf4 d6 14. Qd4 Kf7 15. Rad1 Bf5 16. Rfe1 Kg8 17. Bxe5 dxe5 18. Qc4+ Be6 19. Rxd8 Bxc4 20. Rxa8 Rxa8 21. Rxe5 Rd8 22. f3 Kf7 23. Rc5 Ba6 24. Rxc7+ Kf8 25. Ne4 h6 26. Nc5 Rd1+ 27. Kf2 Rd2+ 28. Kg3 Rxb2 29. Ne6+ Kg8 30.
Rxg7+ Kh8 31. Rg6 Bf1 32. Rxh6+ Kg8 33. Nf4 Rxa2 34. h4 b5 35. Rc6 Bc4 36. h5 a5 37. h6 Bf1 38. Rc7 Bc4 39. Nh5 Rd2 40. Nf6+ Kf8 41. h7 1-0

[Event "*** Titled Tuesday Blitz"]
[Site "Chess.com"]
[Date "2020.04.07"]
[Round "1"]
[White "kleopl"]
[Black "Fins0905"]
[Result "0-1"]
[WhiteElo "2400"]
[BlackElo "2755"]
[TimeControl "180+1"]
[EndTime "13:05:25 PDT"]
[Termination "Fins0905 won by resignation"]

1. c4 c6 2. Nc3 d5 3. e3 Nf6 4. Nf3 g6 5. b3 Bg7 6. Bb2 O-O 7. Be2 a6 8. O-O b5 9. cxb5 axb5 10. d4 Bf5 11. a4 bxa4 12. Nxa4 Nbd7 13. Ba3 Re8 14. Bc5 Qb8 15. h3 Ne4 16. Ba3 e5 17. Bd3 Nxf2 18. Kxf2 Bxd3 19. Qxd3 e4 20. Qc3 exf3 21. Kxf3 Nf6 22.
Rab1 Ne4 23. Qe1 Bh6 24. Rb2 Bxe3 25. Qxe3 Qg3+ 26. Ke2 Nc3+ 0-1

[Event "*** Titled Tuesday Blitz"]
[Site "Chess.com"]
[Date "2020.04.07"]
[Round "1"]
[White "Dinamo81"]
[Black "GreatDamnedRedSpot"]
[Result "1-0"]
[WhiteElo "2648"]
[BlackElo "2293"]
[TimeControl "180+1"]
[EndTime "13:05:25 PDT"]
[Termination "Dinamo81 won on time"]

1. d4 e6 2. Bf4 c5 3. e3 Qb6 4. Na3 d5 5. Nb5 Na6 6. c3 Bd7 7. a4 c4 8. b3 Bxb5 9. axb5 Qxb5 10.
bxc4 dxc4 11. Qb1 Qc6 12. Nf3 f6 13. Qa2 Rc8 14. Qa4 Ne7 15. e4 Kf7 16. Nd2 1-0

[Event "*** Titled Tuesday Blitz"]
[Site "Chess.com"]
[Date "2020.04.07"]
[Round "1"]
[White "UCantHandleDenker"]
[Black "canary2016"]
[Result "1-0"]
[WhiteElo "2506"]
[BlackElo "1831"]
[TimeControl "180+1"]
[EndTime "13:05:25 PDT"]
[Termination "UCantHandleDenker won by resignation"]

1. Nf3 d5 2. g3 c6 3. Bg2 Nf6 4. O-O Bg4 5. d3 Nbd7 6. Nbd2 e5 7. h3 Bh5 8. e4 dxe4 9. dxe4 Be7 10. Qe1 O-O 11.
Nc4 Qc7 12. a4 Rad8 13. b3 Rfe8 14. Bb2 Bf8 15. a5 Bg6 16. Nh4 b6 17. axb6 axb6 18. Bc3 b5 19. Ba5 Qb7 20. Bxd8 bxc4 21. Bxf6 Nxf6 22.
Nxg6 hxg6 23. bxc4 Rd8 24. Qa5 Be7 25. Qxe5 Bd6 26. Qa5 Bc7 27. Qa6 Qb6 28. Qxb6 Bxb6 29. Ra6 Rb8 30. e5 Nd7 31. Bxc6 Nxe5 32. Bd5 Bd4 33. Rd1 Bc3 34. Ra8 Rxa8 35. Bxa8 Nxc4 36.
Rd8+ Kh7 37. Rc8 Nb6 38. Rxc3 Nxa8 39. Rc6 Kh6 40. f4 f6 41. Kf2 g5 42. Kf3 gxf4 43. Kxf4 Kg6 44. Ke4 Kf7 45. Kf5 g6+ 46. Ke4 Ke7 47. g4 Kf7 48. h4 Ke7 49. h5 gxh5 50. gxh5 1-0

[Event "*** Titled Tuesday Blitz"]
[Site "Chess.com"]
[Date "2020.04.07"]
[Round "1"]
[White "ChadBiryani"]
[Black "BaMBoMaTTo"]
[Result "0-1"]
[WhiteElo "2397"]
[BlackElo "2744"]
[TimeControl "180+1"]
[EndTime "13:05:27 PDT"]
[Termination "BaMBoMaTTo won by resignation"]

1. b3 c5 2. Bb2 Nc6 3. e3 e5 4. Bb5 Nge7 5. Nf3 e4 6. Ne5 d6 7.
Nxc6 bxc6 8. Be2 Nf5 9. d3 exd3 10. Qxd3 Be7 11. Nd2 Bf6 12. Bxf6 Qxf6 13. O-O d5 14. c3 a5 15. e4 Nh4 16. c4 O-O 17. exd5 cxd5 18.
Qxd5 Bh3 19. Bf3 Rad8 20. Qh5 Rxd2 21. gxh3 Nxf3+ 0-1

[Event "*** Titled Tuesday Blitz"]
[Site "Chess.com"]
[Date "2020.04.07"]
[Round "1"]
[White "SamuelGhimpu2003"]
[Black "deBaller"]
[Result "1-0"]
[WhiteElo "2689"]
[BlackElo "2346"]
[TimeControl "180+1"]
[EndTime "13:05:28 PDT"]
[Termination "SamuelGhimpu2003 won by resignation"]

1. e4 e6 2. d4 d5 3. Nd2 a6 4.
Ngf3 c5 5. exd5 exd5 6. dxc5 Bxc5 7. Nb3 Bb6 8. Bd3 Nf6 9. Qe2+ Be6 10. Nbd4 O-O 11. Nxe6 fxe6 12. Qxe6+ Kh8 13. O-O Nc6 14. c3 Qc7 15. Qh3 Ne5 16. Bf4 Nxf3+ 17. Qxf3 Qd7 18. Rae1 Rae8 19. h3 Qc6 20. g3 Ne4 21. Bxe4 dxe4 22. Qg4 Re6 23. Be3 Rg6 24. Qe2 Rf3 25. Bxb6 Qxb6 26.
Qxf3 1-0

[Event "*** Titled Tuesday Blitz"]
[Site "Chess.com"]
[Date "2020.04.07"]
[Round "1"]
[White "saisree"]
[Black "francyIM"]
[Result "0-1"]
[WhiteElo "2336"]
[BlackElo "2678"]
[TimeControl "180+1"]
[EndTime "13:05:30 PDT"]
[Termination "francyIM won by resignation"]

1. e4 e5 2. Nf3 Nc6 3. Bc4 Bc5 4. c3 Nf6 5. d3 a6 6. Bb3 Ba7 7. O-O O-O 8. Nbd2 d6 9. Re1 Ng4 10. Re2 Kh8 11. h3 f5 12. Nf1 Nf6 13. exf5 Bxf5 14. Ng3 Qd7 15. Be3 Bxe3 16. fxe3 e4 17. dxe4 Nxe4 18.
Nxf5 Qxf5 19. Qd5 Rae8 20. Qxf5 Rxf5 21. Nd4 Rfe5 22. Rae1 Nc5 23. Nxc6 bxc6 24. Bc2 g6 25. Kf1 Kg7 26. e4 h5 27. b4 Ne6 28. Rf2 a5 29. a3 axb4 30. axb4 Ra8 31. Bb3 Ng5 32. Bc2 Ra3 33. Re3 Ra1+ 34. Ke2 Ra2 35. Kd1 Nxe4 36.
Rf4 Ra1+ 37. Ke2 Nxc3+ 0-1

[Event "*** Titled Tuesday Blitz"]
[Site "Chess.com"]
[Date "2020.04.07"]
[Round "1"]
[White "BillieKimbah"]
[Black "Chesstrainer1"]
[Result "1-0"]
[WhiteElo "2864"]
[BlackElo "2451"]
[TimeControl "180+1"]
[EndTime "13:05:31 PDT"]
[Termination "BillieKimbah won by resignation"]

1. d4 Nf6 2. Nf3 g6 3. g3 Bg7 4. Bg2 O-O 5. O-O d6 6. Re1 c5 7. dxc5 dxc5 8. c3 Nc6 9. Na3 Be6 10. Ng5 Qxd1 11. Rxd1 Bg4 12. Kf1 Rac8 13. h3 Bd7 14. Ne4 Nxe4 15. Rxd7 Nd6 16. Bxc6 Rxc6 17. Rxe7 Rd8 18.
Bf4 Rb6 19. Bxd6 Rbxd6 20. Rxb7 Ra6 21. Nc4 h5 22. a4 Bf8 23. a5 Kg7 24. Ke1 Re8 25.
Rd1 Rae6 26. e3 a6 27. Rdd7 Be7 28. Ke2 Kf8 29. Rb6 Rc8 30. Rxe6 fxe6 31. Ra7 Rc6 32. Ne5 Rd6 33. Nxg6+ 1-0

[Event "*** Titled Tuesday Blitz"]
[Site "Chess.com"]
[Date "2020.04.07"]
[Round "1"]
[White "IMDT02"]
[Black "Alexander_Moskalenko"]
[Result "0-1"]
[WhiteElo "2479"]
[BlackElo "2960"]
[TimeControl "180+1"]
[EndTime "13:05:33 PDT"]
[Termination "Alexander_Moskalenko won by resignation"]

1. d4 e6 2. c4 d5 3. Nc3 f6 4. cxd5 exd5 5. Bf4 c6 6. e3 Bd6 7. Bg3 Ne7 8. Bd3 Nf5 9. Nge2 Be6 10. O-O Nxg3 11.
Nxg3 g6 12. e4 O-O 13. exd5 cxd5 14. Re1 Bf7 15. Qb3 Nc6 16. Qxb7 Nb4 17. Bb1 a6 18. a3 Rb8 19. Qa7 Ra8 20. Qb7 Rb8 21. Qa7 Nc6 22.
Qxa6 Nxd4 23. Ba2 Nc2 24. Nxd5 Nxa1 25. Rxa1 Rxb2 26. Bc4 Be5 27. Rd1 Kg7 28. Ne4 Qc8 29. f4 Qxa6 30. Bxa6 Bxd5 31. Rxd5 Bxf4 32. g3 Be5 33. Bc4 Rc8 34. Rd7+ Kh6 0-1

[Event "*** Titled Tuesday Blitz"]
[Site "Chess.com"]
[Date "2020.04.07"]
[Round "1"]
[White "THORK"]
[Black "iaraldinho"]
[Result "0-1"]
[WhiteElo "2311"]
[BlackElo "2643"]
[TimeControl "180+1"]
[EndTime "13:05:34 PDT"]
[Termination "iaraldinho won by resignation"]

1. d4 f5 2. g4 Nf6 3. g5 Ne4 4. f3 Nd6 5. h4 g6 6. c4 Nf7 7.
e4 d6 8. Nc3 e5 9. d5 h6 10.
gxh6 Bxh6 11. h5 gxh5 12. Bd3 Bxc1 13. Qxc1 f4 14. Nge2 Nd7 15. Kd2 Nf6 16. Qe1 Qe7 17.
Qf2 Bd7 18. b4 b6 19. a4 a5 20. Nb5 Kd8 21. c5 dxc5 22. bxc5 Bxb5 23. axb5 Qxc5 24.
Qxc5 bxc5 25. Rhc1 h4 26. Rxc5 h3 27. Rcc1 h2 28. Rh1 Ng5 29. Raf1 a4 30. Kc2 a3 31. Kb1 a2+ 32. Ka1 Ra3 33. Nc1 Ke7 34. Rf2 Rc3 35.
Kxa2 Rxc1 36. Rxc1 h1=Q 37. Rxh1 Rxh1 38. Kb3 Rh3 39.
Be2 Ngxe4 40. Rg2 Nxd5 41. Kb2 Ng3 42. Bc4 Ne3 0-1

[Event "*** Titled Tuesday Blitz"]
[Site "Chess.com"]
[Date "2020.04.07"]
[Round "1"]
[White "kinga2008"]
[Black "english_player_89"]
[Result "0-1"]
[WhiteElo "1912"]
[BlackElo "2511"]
[TimeControl "180+1"]
[EndTime "13:05:35 PDT"]
[Termination "english_player_89 won by resignation"]

1. e4 e5 2. Nf3 Nc6 3. d4 exd4 4. Bc4 Nf6 5. O-O Nxe4 6. Re1 d5 7. Bxd5 Qxd5 8.
Nc3 Qh5 9. Nxe4 Be6 10. Bg5 h6 11. Bf6 Qg6 12. Nh4 Qh7 13. Qd3 Bb4 14. c3 dxc3 15.
bxc3 Bd6 16. Nxd6+ cxd6 17. Qxd6 gxf6 18. Rxe6+ fxe6 19. Re1 Qd7 20. Qf4 O-O-O 21. Qxf6 e5 22. Ng6 Rhe8 23. h3 Qe6 0-1